Map: Old Republic LE

Players

HoldTheDoor - Winner!

  • Race: Protoss Protoss
  • League: Diamond
  • Spawn Location: 7:00

Lukareon

  • Race: Zerg Zerg
  • League: Diamond
  • Spawn Location: 1:00

VOD

Have the link to the VOD?

Description

Time

  • Played on: May 13, 2026, 12:22 p.m.
  • Length: 12:39
Show
View Real Time Build Order
Export as new Build Order

HoldTheDoor Protoss - Winner!

Build Orders: 1 Gate Expand, Zealot Archon, Dark Templar Rush 

Get SALT Encoding   

  12  0:00  Probe  
  13  0:12  Probe  
  14  0:19  Pylon  
  14  0:24  Probe  
  15  0:33  Probe  
  15  0:40  Gateway  
  15  0:41  Probe  
  16  0:48  Assimilator  
  17  0:51  Probe  
  18  1:03  Probe  
  19  1:10  Pylon  
  19  1:36  Nexus  
  19  1:37  Probe  
  19  1:38  Cybernetics Core  
  20  1:43  Assimilator  
  20  1:50  Pylon  
  20  1:53  Probe  
  21  2:05  Probe  
  22  2:09  Warp Gate  
  22  2:14  Stalker  
  22  2:17  Probe  
  25  2:29  Probe  
  26  2:39  Gateway  
  26  2:41  Probe  
  27  2:44  Adept  
  27  2:49  Probe  
  30  2:53  Probe  
  30  2:56  Twilight Council  
  31  3:01  Probe  
  32  3:06  Probe  
  32  3:09  Robotics Facility  
  33  3:13  Probe  
  34  3:22  Probe  
  34  3:26  Probe  
  36  3:28  Assimilator  
  36  3:33  Dark Shrine  
  36  3:34  Probe  
  37  3:38  Probe  
  38  3:46  Probe  
  39  3:50  Probe  
  39  3:53  Warp Prism  
  40  3:58  Probe  
  43  4:17  Probe x2  
  45  4:27  Gateway  
  45  4:29  Gateway, Probe  
  45  4:31  Pylon  
  46  4:34  Pylon  
  46  4:48  Pylon  
  46  4:49  Probe  
  46  4:50  Nexus  
  46  4:52  Pylon  
  47  4:57  Adept x2  
  51  5:18  Dark Templar x2  
  52  5:23  Dark Templar x2  
  48  5:30  Dark Templar  
  48  5:41  Pylon  
  48  5:44  Cybernetics Core  
  48  6:04  Immortal  
  48  6:05  Charge  
  48  6:06  Probe x2  
  48  6:08  Zealot x2  
  48  6:09  Zealot x2  
  58  6:11  Probe  
  63  6:18  Probe x2  
  63  6:24  Probe  
  66  6:25  Pylon  
  66  6:30  Probe x2  
  68  6:34  Gateway  
  68  6:35  Gateway  
  68  6:36  Probe  
  68  6:38  Gateway x2  
  69  6:42  Gateway x2  
  69  6:44  Gateway  
  69  6:45  Gateway x2  
  69  6:47  Gateway  
  69  6:49  Dark Templar  
  69  6:52  Probe x3  
  74  7:00  Dark Templar  
  76  7:02  Dark Templar x2  
  76  7:04  Archon  
  76  7:06  Archon  
  80  7:11  Archon  
  80  7:21  Shield Battery  
  80  7:23  Shield Battery  
  80  7:25  Pylon  
  70  7:37  Zealot x2  
  70  7:38  Zealot x8  
  72  7:47  Zealot x4  
  72  7:48  Zealot x2  
  73  7:56  Immortal  
  71  8:02  Dark Templar x3  
  71  8:03  Dark Templar  
  83  8:06  Archon  
  83  8:07  Archon  
  83  8:11  Probe  
  83  8:12  Probe  
  85  8:13  Probe  
  85  8:17  Dark Templar x3  
  85  8:19  Dark Templar  
  94  8:21  Archon  
  94  8:23  Archon  
  94  8:28  Warp Prism  
  94  8:30  Zealot  
  94  8:31  Zealot  
  98  8:34  Pylon  
  98  8:41  Pylon  
  100  8:45  Forge  
  100  8:49  Pylon  
  100  8:54  Pylon  
  100  8:55  Pylon  
  100  8:56  Zealot  
  100  8:57  Zealot x3  
  100  8:59  Zealot  
  100  9:00  Immortal  
  110  9:16  Dark Templar x2  
  110  9:17  Dark Templar  
  120  9:20  Zealot x2  
  120  9:22  Archon  
  120  9:23  Zealot  
  126  9:25  Zealot  
  126  9:27  Zealot  
  130  9:49  Zealot x5  
  140  9:58  Pylon  
  140  10:00  Pylon  
  140  10:03  Photon Cannon  
  140  10:06  Photon Cannon  
  140  10:07  Photon Cannon  
  140  10:09  Photon Cannon  
  140  10:11  Photon Cannon  
  140  10:12  Photon Cannon, Pylon  
  140  10:21  Zealot  
  140  10:22  Zealot x4  
  150  10:34  Observer  
  149  10:46  Dark Templar x5  
  149  10:48  Zealot x3  
  165  10:50  Archon x2  
  165  11:10  Assimilator  
  165  11:17  Pylon  
  165  11:18  Pylon  
  165  11:21  Pylon  
  165  11:22  Pylon  
  165  11:34  Observer  
  166  11:45  Zealot x2  
  166  11:46  Zealot x9  
  166  11:47  Zealot x3  
  194  11:58  Immortal  
  168  12:22  Zealot x8  
  158  12:23  Zealot x6  
Show
View Real Time Build Order
Export as new Build Order

Lukareon Zerg 

Build Orders: Hatch First, Lurkers 

Get SALT Encoding   

  12  0:00  Drone  
  13  0:12  Overlord  
  13  0:18  Drone  
  14  0:31  Drone  
  15  0:43  Hatchery  
  15  0:48  Drone  
  15  0:50  Drone  
  16  1:07  Spawning Pool  
  15  1:20  Drone  
  15  1:21  Drone x2  
  18  1:46  Drone  
  18  1:47  Drone  
  20  1:53  Extractor  
  19  1:56  Drone x2  
  21  2:01  Queen  
  21  2:08  Queen  
  25  2:23  Drone x3  
  28  2:36  Overlord x2  
  28  2:46  Extractor  
  28  2:50  Queen  
  28  2:51  Extractor  
  28  2:55  Drone  
  28  2:58  Metabolic Boost  
  30  3:02  Zergling x2  
  30  3:03  Zergling x2  
  32  3:12  Drone x2  
  34  3:13  Drone x3  
  37  3:28  Roach Warren  
  37  3:33  Overlord x2  
  36  3:43  Spore Crawler  
  35  3:49  Drone  
  36  4:08  Roach x9  
  36  4:09  Roach  
  56  4:20  Overlord  
  56  4:21  Overlord  
  56  4:43  Zergling x2  
  56  4:44  Zergling x10  
  62  4:50  Ravager  
  62  4:51  Ravager x3  
  66  4:53  Zergling x2  
  66  4:54  Zergling x2  
  66  4:55  Zergling x8  
  72  5:06  Ravager  
  73  5:10  Zergling x2  
  73  5:35  Lair  
  68  5:40  Spore Crawler  
  67  5:43  Spine Crawler  
  67  5:44  Spine Crawler  
  67  5:49  Drone  
  64  5:50  Drone x10  
  72  6:07  Overlord x3  
  72  6:18  Spine Crawler  
  71  6:21  Spore Crawler  
  71  6:23  Roach x2  
  71  6:24  Spine Crawler  
  71  6:25  Spore Crawler  
  74  6:32  Roach  
  74  6:33  Roach x3  
  74  6:37  Overseer  
  74  6:38  Pneumatized Carapace  
  80  6:42  Zergling x2  
  81  6:53  Overseer  
  81  6:59  Zergling x2  
  81  7:00  Zergling x16  
  90  7:19  Roach x2  
  69  7:52  Drone  
  69  7:53  Drone x9  
  69  7:57  Glial Reconstitution  
  77  8:03  Extractor  
  76  8:05  Extractor  
  75  8:12  Hatchery  
  75  8:14  Hydralisk Den  
  75  8:15  Hatchery, Infestation Pit, Drone x5  
  75  8:18  Queen  
  78  8:29  Drone  
  79  8:55  Hive  
  79  8:56  Drone  
  79  8:57  Drone x11  
  79  8:58  Lurker Den  
  90  9:06  Hydralisk  
  92  9:22  Muscular Augments  
  92  9:35  Extractor  
  92  9:37  Hydralisk x4, Spore Crawler  
  98  9:39  Extractor  
  97  9:57  Lurker  
  97  9:59  Hydralisk x2  
  100  10:00  Hydralisk  
  100  10:06  Overlord x3  
  104  10:10  Evolution Chamber  
  104  10:11  Evolution Chamber  
  104  10:12  Lurker  
  104  10:13  Evolution Chamber, Lurker x2  
  104  10:26  Grooved Spines  
  94  10:50  Lurker x3, Hatchery  
  96  10:59  Seismic Spines  
  96  11:15  Zergling x2  
  96  11:16  Zergling x30  
  112  11:23  Zergling x2  
  112  11:24  Zergling x18  
  122  11:39  Overlord x5  
  122  11:47  Baneling Nest  
  121  12:07  Spine Crawler x2  
  121  12:08  Hydralisk x6  
Tags
 
Add a new tag
Caveats
  • Supply blocks, unpowered buildings, or Contaminate may cause inaccurate times.
  • Supply counts are checked every 10 seconds.